 Dungeon Sprint DCSS version 0.18-a0-270-ga9d907f (webtiles) character file.

12387 Kidiri the Unseen (level 11, -30/58 HPs)
             Began as a Spriggan Enchanter on Nov 26, 2015.
             Was the Champion of Dithmenos.
             Killed from afar by a fire dragon (49 damage)
             ... with a blast of flame
             ... in the Dungeon (Sprint III: "The Ten Rune Challenge").
             The game lasted 00:09:25 (1547 turns).

Kidiri the Unseen (Spriggan Enchanter)              Turns: 1547, Time: 00:09:25

Health: -30/58     AC:  3    Str:  4    XL:     11   Next: 61%
Magic:  18/26      EV: 32    Int: 19    God:    Dithmenos [******]
Gold:   38         SH:  0    Dex: 18    Spells: 10 memorised, 4 levels left

rFire  . . .     SeeInvis +     a - +1 dagger
rCold  . . .     Clarity  .     b - +1 robe
rNeg   . . .     SustAt   .     (shield restricted)
rPois  .         Gourm    .     (helmet restricted)
rElec  .         Spirit   .     (no cloak)
rCorr  .         Warding  .     (gloves unavailable)
rMut   .         NoTele   +     (boots unavailable)
MR     +....                    (no amulet)
Stlth  ++++++++++               (no ring)
                                (no ring)

@: wreathed by umbra, very quick, somewhat resistant to hostile enchantments,
uncannily stealthy
A: unfitting armour, horns 1, see invisible, herbivore 3, speed 3, low mp 1,
slow metabolism 2, spit poison 1
a: Spit Poison, Shadow Step, Shadow Form, Renounce Religion


You were in the Dungeon.
You worshipped Dithmenos.
Dithmenos was exalted by your worship.
You were not hungry.

You visited 1 branch You collected 38 gold pieces.

Inventory:

Hand Weapons
 a - a +1 dagger (weapon)
Armour
 b - a +1 robe (worn)
Scrolls
 j - a scroll of blinking
 l - a scroll of amnesia
 n - 2 scrolls of torment {unknown}
 o - 3 scrolls of remove curse
Potions
 e - a potion of curing
 g - a potion of haste
 h - 2 potions of magic
 m - a potion of berserk rage
 q - a potion of agility
 r - 2 potions of flight
 s - 2 potions of cure mutation
 t - a potion of might
Books
 i - a book of Power

   Spells                             Type                      Level
   a - Fulminant Prism                Conjuration/Hexes            4
   b - Iskenderun's Mystic Blast      Conjuration                  4
   c - Venom Bolt                     Conjuration/Poison           5
   d - Bolt of Magma                  Conjuration/Fire/Earth       5
   e - Iron Shot                      Conjuration/Earth            6
   f - Orb of Destruction             Conjuration                  7
   g - Spellforged Servitor           Conjuration/Summoning        7
Comestibles
 c - 29 royal jellies
 d - 2 bread rations
 p - 8 fruits


   Skills:
 + Level 6.5 Fighting
 * Level 11.8 Short Blades
 + Level 6.0 Armour
 * Level 15.3 Dodging
 * Level 16.5 Stealth
 * Level 13.3 Spellcasting
 + Level 5.9 Conjurations
 + Level 10.1 Hexes
 + Level 9.5 Translocations
 + Level 6.1 Transmutations
 + Level 6.5 Ice Magic
 + Level 4.3 Earth Magic
 - Level 2.0 Invocations


You had 4 spell levels left.
You knew the following spells:

 Your Spells              Type           Power        Failure   Level  Hunger
a - Corona                Hex            ######.      1%          1    None
b - Ensorcelled Hibernat  Hex/Ice        #####.       1%          2    None
c - Confuse               Hex            ######..     1%          3    None
d - Tukima's Dance        Hex            ######..     1%          3    None
e - Dazzling Spray        Conj/Hex       #####...     1%          3    None
f - Gell's Gravitas       Hex/Tloc       #####.....   1%          3    None
g - Fulminant Prism       Conj/Hex       #####.....   1%          4    None
h - Iskenderun's Mystic   Conj           #####...     6%          4    None
i - Petrify               Trmt/Erth      ####....     8%          4    None
j - Metabolic Englaciati  Hex/Ice        #####.....   6%          5    ####...


Dungeon Overview and Level Annotations

Branches:
Dungeon (1/1)

Altars:
Cheibriados
Dithmenos
Elyvilon
Fedhas
Gozag
Kikubaaqudgha
Makhleb
Nemelex Xobeh
Okawaru
Qazlal
Ru
Sif Muna
Trog
Vehumet
Xom
Yredelemnul
Zin
The Shining One
Jiyva
Lugonu

Shops:
D %:[


Innate Abilities, Weirdness & Mutations

You are tiny and cannot use many weapons and most armour.
You have supernaturally acute eyesight.
You are a herbivore.
You cover ground extremely quickly.
You need consume almost no food.
You have a pair of small horns on your head.
Your magical capacity is low (-10% MP).
You can spit weak poison.


Message History

Casting: Ensorcelled Hibernation
Confirm with . or Enter, or press ? or * to list all spells.
Aiming: Ensorcelled Hibernation
Press: ? - help, Shift-Dir - straight line, f/p - fire dragon
Aim: a fire dragon (heavily wounded, blind, umbra, chance to defeat MR: 34%)
The fire dragon looks drowsy...
The fire dragon is no longer blind.
The fire dragon breathes flames at you.
The blast of flame hits the fire dragon.
The fire dragon resists.
The blast of flame hits you!
Ouch! That really hurt!
You emit a cloud of dark smoke.
Unknown command.
You hit the fire dragon but do no damage.
The fire dragon is heavily wounded.
Unknown command.
The fire dragon is no longer blind.
The fire dragon breathes flames at you. The blast of flame hits you!
Ouch! That really hurt!
You die...

########'######
##### #.♣♣ #♣.♣
♣.♣♣ ♣♣.♣ ♣.♣♣
♣.♣♣ ♣≈.♣ ♣♣@♣♣
♣♣§♣ ♣§D♣
♣.§D§§§§§§.
♣.≈§§§§§§§≈
♣.♣..§§§§§§
♣♣♣♣♣♣♣♣§∩∩ ♣♣


You could see a fire dragon.

Vanquished Creatures
  Maud (D)
  A fire dragon (D)
  Josephine (D)
  2 hydras (D)
  A centaur warrior (D)
  A death drake (D)
  An unseen horror (D)
  A spriggan druid (D)
  A lindwurm (D)
  2 spiny frogs (D)
  A komodo dragon (D)
  A deep elf priest (D)
  3 wandering mushrooms (D)
  A queen bee (D)
  2 giant leeches (D)
  2 spriggans (D)
  3 redbacks (D)
  A shadow (D)
  A spatial vortex (D)
  2 centaurs (D)
  A necrophage (D)
  An earth elemental (D)
  A water elemental (D)
  32 killer bees (D)
  An electric eel (D)
  A wizard (D)
  A jelly (D)
  A necromancer (D)
  Jessica (D)
  A wolf (D)
  A kobold demonologist (D)
  3 humans (D)
  An ooze (D)
  A rat (D)
76 creatures vanquished.

Vanquished Creatures (others)
  2 draconian scorchers (D)
  2 fire drakes (D)
  A yaktaur (D)
  A fulminant prism (D)
  3 plants (D)
9 creatures vanquished.

Grand Total: 85 creatures vanquished

Notes
Turn   | Place    | Note
--------------------------------------------------------------
     0 | D        | Kidiri the Spriggan Enchanter began the quest for the Orb.
     0 | D        | Reached XP level 1. HP: 9/9 MP: 5/5
    14 | D        | Killed a yaktaur
    51 | D        | Noticed Jessica
    57 | D        | Killed Jessica
    57 | D        | Reached skill level 1 in Fighting
    57 | D        | Reached skill level 1 in Armour
    57 | D        | Reached skill level 5 in Stealth
    57 | D        | Reached XP level 2. HP: 12/14 MP: 6/8
    57 | D        | Reached XP level 3. HP: 15/18 MP: 6/9
    61 | D        | Learned a level 2 spell: Ensorcelled Hibernation
    65 | D        | Learned a level 3 spell: Confuse
    69 | D        | Learned a level 3 spell: Dazzling Spray
   108 | D        | Reached skill level 5 in Dodging
   108 | D        | Reached skill level 6 in Stealth
   108 | D        | Killed a fire drake
   177 | D        | Killed a white draconian scorcher
   198 | D        | Killed a fire drake
   212 | D        | Killed a white draconian scorcher
   228 | D        | Reached XP level 4. HP: 23/23 MP: 5/11
   285 | D        | Learned a level 3 spell: Tukima's Dance
   289 | D        | Gained mutation: You are frail (-10% HP). [potion of mutation]
   289 | D        | Gained mutation: Your magical capacity is low (-10% MP). [potion of mutation]
   289 | D        | Gained mutation: Potions and wands are less effective at restoring your health. [potion of mutation]
   290 | D        | Lost mutation: Your magical capacity is low (-10% MP). [potion of cure mutation]
   290 | D        | Lost mutation: Potions and wands are less effective at restoring your health. [potion of cure mutation]
   290 | D        | Lost mutation: You are frail (-10% HP). [potion of cure mutation]
   291 | D        | Gained mutation: Your magical capacity is low (-10% MP). [potion of mutation]
   291 | D        | Gained mutation: You can spit weak poison. [potion of mutation]
   291 | D        | Gained mutation: You have a pair of small horns on your head. [potion of mutation]
   329 | D        | Reached skill level 7 in Stealth
   329 | D        | Reached skill level 5 in Spellcasting
   329 | D        | Reached skill level 1 in Conjurations
   329 | D        | Reached skill level 5 in Hexes
   329 | D        | Reached skill level 1 in Ice Magic
   339 | D        | Noticed a shadow
   377 | D        | Killed a shadow
   377 | D        | Reached skill level 5 in Short Blades
   377 | D        | Reached skill level 9 in Stealth
   377 | D        | Reached XP level 5. HP: 17/27 MP: 1/13
   377 | D        | Reached XP level 6. HP: 20/32 MP: 1/15
   584 | D        | Found a stormy altar of Qazlal.
   585 | D        | Found a sacrificial altar of Ru.
   585 | D        | Found a burning altar of Makhleb.
   585 | D        | Found a viscous altar of Jiyva.
   585 | D        | Found a shimmering altar of Xom.
   585 | D        | Found a shadowy altar of Dithmenos.
   585 | D        | Found a sparkling altar of Nemelex Xobeh.
   585 | D        | Found a corrupted altar of Lugonu.
   585 | D        | Found an opulent altar of Gozag.
   585 | D        | Noticed a spatial vortex
   591 | D        | Became a worshipper of Dithmenos the Shadowed
   603 | D        | Killed a spatial vortex
   603 | D        | Reached skill level 1 in Invocations
   710 | D        | Found a radiant altar of Vehumet.
   711 | D        | Found a deep blue altar of Sif Muna.
   711 | D        | Found an ancient bone altar of Kikubaaqudgha.
   714 | D        | Reached * piety under Dithmenos
   724 | D        | Learned a level 3 spell: Gell's Gravitas
   729 | D        | Learned a level 4 spell: Fulminant Prism
   739 | D        | Found a glowing silver altar of Zin.
   740 | D        | Found a glowing golden altar of the Shining One.
   740 | D        | Found a white marble altar of Elyvilon.
   740 | D        | Noticed a deep elf priest
   742 | D        | Killed a deep elf priest
   742 | D        | Reached skill level 10 in Stealth
   742 | D        | Reached XP level 7. HP: 36/36 MP: 15/17
   759 | D        | Found an iron altar of Okawaru.
   760 | D        | Found a bloodstained altar of Trog.
   760 | D        | Noticed a human
   760 | D        | Noticed a human
   762 | D        | Killed a human
   763 | D        | Killed a human
   763 | D        | Reached ** piety under Dithmenos
   763 | D        | Reached skill level 10 in Dodging
   763 | D        | Reached skill level 11 in Stealth
   778 | D        | Learned a level 4 spell: Iskenderun's Mystic Blast
   783 | D        | Found a snail-covered altar of Cheibriados.
   784 | D        | Found a basalt altar of Yredelemnul.
   784 | D        | Found a blossoming altar of Fedhas.
   785 | D        | Reached XP level 8. HP: 42/42 MP: 19/19
   804 | D        | Noticed Josephine
   806 | D        | Killed Josephine
   806 | D        | Reached skill level 12 in Stealth
   815 | D        | Reached skill level 5 in Translocations
   820 | D        | Noticed a centaur warrior
   824 | D        | Reached XP level 9. HP: 46/46 MP: 6/21
   825 | D        | Reached *** piety under Dithmenos
   825 | D        | Reached skill level 10 in Spellcasting
   843 | D        | Killed a centaur warrior
   843 | D        | Reached skill level 13 in Stealth
   968 | D        | Learned a level 4 spell: Petrify
   977 | D        | Noticed an unseen horror
   979 | D        | Killed an unseen horror
   979 | D        | Reached skill level 5 in Fighting
   979 | D        | Reached skill level 1 in Transmutations
   992 | D        | Reached **** piety under Dithmenos
   993 | D        | Reached skill level 1 in Earth Magic
   993 | D        | Reached ***** piety under Dithmenos
   994 | D        | Reached XP level 10. HP: 51/51 MP: 10/23
   994 | D        | Reached skill level 14 in Stealth
   995 | D        | Reached ****** piety under Dithmenos
   996 | D        | Reached skill level 10 in Short Blades
   996 | D        | Reached skill level 5 in Ice Magic
  1162 | D        | Learned a level 5 spell: Metabolic Englaciation
  1178 | D        | Reached skill level 5 in Armour
  1179 | D        | Reached skill level 5 in Conjurations
  1285 | D        | Reached skill level 15 in Stealth
  1314 | D        | Noticed a lindwurm
  1318 | D        | Killed a lindwurm
  1352 | D        | Reached XP level 11. HP: 56/56 MP: 25/25
  1353 | D        | Noticed Maud
  1355 | D        | Killed Maud
  1355 | D        | Reached skill level 5 in Transmutations
  1405 | D        | Noticed a five-headed hydra
  1405 | D        | Noticed a four-headed hydra
  1409 | D        | Killed a five-headed hydra
  1410 | D        | Killed a four-headed hydra
  1410 | D        | Reached skill level 16 in Stealth
  1469 | D        | Noticed a death drake
  1471 | D        | Killed a death drake
  1471 | D        | Reached skill level 15 in Dodging
  1495 | D        | Found a blossoming altar of Fedhas.
  1495 | D        | Noticed a spriggan druid
  1497 | D        | Killed a spriggan druid
  1498 | D        | Reached skill level 10 in Hexes
  1532 | D        | Noticed a fire dragon
  1532 | D        | Noticed a fire dragon
  1536 | D        | Noticed a fire dragon
  1538 | D        | Killed a fire dragon
  1539 | D        | Found Qeobb's Food Emporium.
  1539 | D        | Found Fogismef's Book Shop.
  1539 | D        | Found Bikuewea's Antique Armour Shoppe.
  1547 | D        | Killed from afar by a fire dragon

Vault maps used:
D:        dungeon_sprint_mu

Action                   |  1- 3 |  4- 6 |  7- 9 | 10-12 || total
-------------------------+-------+-------+-------+-------++-------
Melee: Dagger            |    15 |    23 |    20 |    46 ||   104
 Cast: Ensorcelled Hiber |     5 |       |     1 |     9 ||    15
       Confuse           |     1 |       |       |       ||     1
       Dazzling Spray    |       |     9 |     4 |     5 ||    18
       Fulminant Prism   |       |       |     1 |       ||     1
       Gell's Gravitas   |       |       |     3 |     4 ||     7
       Iskenderun's Myst |       |       |     1 |       ||     1
Invok: Shadow Step       |       |       |       |     6 ||     6
  Use: Potion            |       |     4 |     1 |       ||     5
       Scroll            |       |     4 |       |       ||     4
 Stab: Sleeping          |     3 |     4 |     7 |    21 ||    35
       Confused          |     2 |       |       |       ||     2
       Invisible         |       |       |     1 |       ||     1
